TOP OF THE 1ST |
---|
Ottawa Fat Cats batting - Pitching for Elkins Sting Rays : RHP Robin Richmond | Pitching: RHP Robin Richmond | | Batting: RHB Juan Blanco | 0-0: Ball 1-0: Ball 2-0: Ground out 6-3 (Groundball, 56) | Batting: RHB Tim Hesse | 0-0: Ball 1-0: Called Strike 1-1: Called Strike 1-2: Foul Ball, location: 2F 1-2: Foul Ball, location: 2F 1-2: Foul Ball, location: 2F 1-2: Ground out 1-3 (Groundball, 13) | Batting: LHB Aaron Scott | 0-0: Hit by Pitch | Batting: RHB Vicente Guerra | 0-0: Called Strike 0-1: Called Strike 0-2: Strikes out swinging | Top of the 1st over - 0 runs, 0 hits, 0 errors, 1 left on base; Ottawa 0 - Elkins 0 | BOTTOM OF THE 1ST |
---|
Elkins Sting Rays batting - Pitching for Ottawa Fat Cats : RHP José Ríos | Pitching: RHP José Ríos | | Batting: LHB José García | 0-0: Ball 1-0: Called Strike 1-1: Ball 2-1: Ground out U3 (Groundball, 3S) | Batting: RHB Marcos García | 0-0: Ball 1-0: Foul Ball, location: 2F 1-1: Fly out, F5 (Line Drive, 5) | Batting: RHB Félix Chávez | 0-0: Called Strike 0-1: SINGLE (Groundball, 34D) | Batting: LHB Carlos Músquez | 0-0: Called Strike 0-1: Called Strike 0-2: Ball 1-2: Ball Félix Chávez is caught stealing 2nd base | Bottom of the 1st over - 0 runs, 1 hit, 0 errors, 0 left on base; Ottawa 0 - Elkins 0 | TOP OF THE 2ND |
---|
Ottawa Fat Cats batting - Pitching for Elkins Sting Rays : RHP Robin Richmond | Batting: LHB Geoff May | 0-0: Fly out, F8 (Flyball, 8LD) | Batting: RHB Jesús Herrera | 0-0: Swinging Strike 0-1: Called Strike 0-2: Ball 1-2: Ball 2-2: Strikes out swinging | Batting: RHB Ronald Cleveland | 0-0: Called Strike 0-1: Ball 1-1: Called Strike 1-2: Ball 2-2: Strikes out looking | Top of the 2nd over - 0 runs, 0 hits, 0 errors, 0 left on base; Ottawa 0 - Elkins 0 | BOTTOM OF THE 2ND |
---|
Elkins Sting Rays batting - Pitching for Ottawa Fat Cats : RHP José Ríos | Batting: LHB Carlos Músquez | 0-0: Called Strike 0-1: Ground out 4-3 (Groundball, 4) | Batting: RHB Pietro Ciccoritti | 0-0: Called Strike 0-1: Ball 1-1: Swinging Strike 1-2: Strikes out swinging | Batting: LHB Preston Hamilton | 0-0: Fly out, F5 (Popup, 5SF) | Bottom of the 2nd over - 0 runs, 0 hits, 0 errors, 0 left on base; Ottawa 0 - Elkins 0 | TOP OF THE 3RD |
---|
Ottawa Fat Cats batting - Pitching for Elkins Sting Rays : RHP Robin Richmond | Batting: RHB Paul French | 0-0: Foul Ball, location: 2F 0-1: Ball 1-1: Swinging Strike 1-2: Strikes out swinging | Batting: RHB Wayne Scott | 0-0: Ball 1-0: Foul Ball, location: 2F 1-1: Foul Ball, location: 2F 1-2: Foul Ball, location: 2F 1-2: Ball 2-2: Foul Ball, location: 2F 2-2: Strikes out looking | Batting: RHB Juan Blanco | 0-0: Ball 1-0: Ball 2-0: Foul Ball, location: 2F 2-1: Ball 3-1: Called Strike 3-2: Foul Ball, location: 2F 3-2: Fly out, F7 (Flyball, 7D) | Top of the 3rd over - 0 runs, 0 hits, 0 errors, 0 left on base; Ottawa 0 - Elkins 0 | BOTTOM OF THE 3RD |
---|
Elkins Sting Rays batting - Pitching for Ottawa Fat Cats : RHP José Ríos | Batting: SHB Jason Ashley | 0-0: Ball 1-0: SINGLE (Flyball, 7S) | Batting: RHB Pedro Betancourt | 0-0: Called Strike 0-1: Ball 1-1: Ball 2-1: Ball 3-1: Fly out, F7 (Flyball, 7S) | Batting: LHB José Medella | 0-0: Fielders Choice at 2nd, 4-6 (Groundball, 34) | Batting: LHB José García | 0-0: Ball 1-0: Fly out, F9 (Flyball, 9) | Bottom of the 3rd over - 0 runs, 1 hit, 0 errors, 1 left on base; Ottawa 0 - Elkins 0 | TOP OF THE 4TH |
---|
Ottawa Fat Cats batting - Pitching for Elkins Sting Rays : RHP Robin Richmond | Batting: RHB Tim Hesse | 0-0: Called Strike 0-1: Ground out 5-3 (Groundball, 56) | Batting: LHB Aaron Scott | 0-0: Fly out, F9 (Flyball, 89M) | Batting: RHB Vicente Guerra | 0-0: Ball 1-0: Ball 2-0: Foul Ball, location: 2F 2-1: Foul Ball, location: 2F 2-2: Ball 3-2: Ground out 5-3 (Groundball, 5) | Top of the 4th over - 0 runs, 0 hits, 0 errors, 0 left on base; Ottawa 0 - Elkins 0 | BOTTOM OF THE 4TH |
---|
Elkins Sting Rays batting - Pitching for Ottawa Fat Cats : RHP José Ríos | Batting: RHB Marcos García | 0-0: Called Strike 0-1: Ball 1-1: Foul Ball, location: 2F 1-2: SINGLE (Groundball, 56S) (infield hit) | Batting: RHB Félix Chávez | 0-0: Foul Ball, location: 2F 0-1: Called Strike 0-2: Ball 1-2: Ball 2-2: Foul Ball, location: 2F 2-2: Ball 3-2: Base on Balls Marcos García to second | Batting: LHB Carlos Músquez | 0-0: Called Strike 0-1: Ball Marcos García steals 3rd base Félix Chávez to second 1-1: Ball 2-1: Foul Ball, location: 2F 2-2: Foul Ball, location: 2F 2-2: Fly out, F9 (Flyball, 89D) Runner from 3rd tags up, SCORES, throw made | Batting: RHB Pietro Ciccoritti | 0-0: Ball 1-0: Swinging Strike 1-1: Called Strike 1-2: Strikes out swinging | Batting: LHB Preston Hamilton | 0-0: Called Strike 0-1: Ball 1-1: SINGLE (Line Drive, 4D) Félix Chávez to third Throwing error, E8 Félix Chávez scores Preston Hamilton to second | Batting: SHB Jason Ashley | 0-0: Called Strike 0-1: Foul Ball, location: 2F 0-2: Ball 1-2: Ball 2-2: Fly out, F3 (Line Drive, 34) | Bottom of the 4th over - 2 runs, 2 hits, 1 error, 1 left on base; Ottawa 0 - Elkins 2 | TOP OF THE 5TH |
---|
Ottawa Fat Cats batting - Pitching for Elkins Sting Rays : RHP Robin Richmond | Batting: LHB Geoff May | 0-0: Ball 1-0: Ball 2-0: Called Strike 2-1: Called Strike 2-2: Fly out, F9 (Line Drive, 89D) | Batting: RHB Jesús Herrera | 0-0: Ground out 4-3 (Groundball, 4S) | Batting: RHB Ronald Cleveland | 0-0: Fly out, F9 (Flyball, 9S) | Top of the 5th over - 0 runs, 0 hits, 0 errors, 0 left on base; Ottawa 0 - Elkins 2 | BOTTOM OF THE 5TH |
---|
Elkins Sting Rays batting - Pitching for Ottawa Fat Cats : RHP José Ríos | Batting: RHB Pedro Betancourt | 0-0: Foul Ball, location: 2F 0-1: Ball 1-1: Swinging Strike 1-2: Ball 2-2: Ball 3-2: Base on Balls | Batting: LHB José Medella | 0-0: Called Strike Pedro Betancourt steals 2nd base 0-1: Ball 1-1: Ball 2-1: Swinging Strike 2-2: Strikes out swinging | Batting: LHB José García | 0-0: Ball 1-0: Called Strike 1-1: Swinging Strike 1-2: Ball 2-2: Foul Ball, location: 2F 2-2: Ball 3-2: Strikes out swinging | Batting: RHB Marcos García | 0-0: Ball 1-0: Swinging Strike 1-1: Swinging Strike 1-2: Strikes out swinging, 2-3 out at first. | Bottom of the 5th over - 0 runs, 0 hits, 0 errors, 1 left on base; Ottawa 0 - Elkins 2 | TOP OF THE 6TH |
---|
Ottawa Fat Cats batting - Pitching for Elkins Sting Rays : RHP Robin Richmond | Batting: RHB Paul French | 0-0: Ball 1-0: Foul Ball, location: 2F 1-1: Ground out 6-3 (Groundball, 6) | Batting: RHB Wayne Scott | 0-0: Called Strike 0-1: Swinging Strike 0-2: Strikes out swinging, 2-3 out at first. | Batting: RHB Juan Blanco | 0-0: Called Strike 0-1: Called Strike 0-2: SINGLE (Groundball, 56D) | Batting: RHB Tim Hesse | 0-0: Ball 1-0: Called Strike Juan Blanco is caught stealing 2nd base | Top of the 6th over - 0 runs, 1 hit, 0 errors, 0 left on base; Ottawa 0 - Elkins 2 | BOTTOM OF THE 6TH |
---|
Elkins Sting Rays batting - Pitching for Ottawa Fat Cats : RHP José Ríos | Batting: RHB Félix Chávez | 0-0: SINGLE (Line Drive, 7LS) | Batting: LHB Carlos Músquez | 0-0: Called Strike 0-1: Ball 1-1: Ball 2-1: Ball 3-1: Swinging Strike 3-2: Foul Ball, location: 2F 3-2: Strikes out swinging Félix Chávez is caught stealing 2nd base Batter strikes out. | Batting: RHB Pietro Ciccoritti | 0-0: Called Strike 0-1: Called Strike 0-2: Strikes out swinging | Bottom of the 6th over - 0 runs, 1 hit, 0 errors, 0 left on base; Ottawa 0 - Elkins 2 | TOP OF THE 7TH |
---|
Ottawa Fat Cats batting - Pitching for Elkins Sting Rays : RHP Robin Richmond | Batting: RHB Tim Hesse | 0-0: Called Strike 0-1: Swinging Strike 0-2: SINGLE (Groundball, 56S) (infield hit) | Batting: LHB Aaron Scott | 0-0: Fly out, F9 (Flyball, 9S) | Batting: RHB Vicente Guerra | 0-0: Called Strike 0-1: Swinging Strike 0-2: Ball 1-2: Foul Ball, location: 2F 1-2: Foul Ball, location: 2F 1-2: Foul Ball, location: 2F 1-2: Foul Ball, location: 2F 1-2: Ball 2-2: Ball 3-2: Hit by Pitch Tim Hesse to second | Pinch Runner at 2nd Justin Tubridy: | | Pinch Hitting: RHB Roberto Rodríguez | 0-0: Ball Justin Tubridy steals 3rd base Vicente Guerra to second 1-0: Ball 2-0: SINGLE (Groundball, 6MD) Justin Tubridy scores Vicente Guerra to third | Batting: RHB Jesús Herrera | 0-0: Called Strike 0-1: SINGLE (Line Drive, 34D) Vicente Guerra scores Roberto Rodríguez to second | Batting: RHB Ronald Cleveland | 0-0: Ball 1-0: Ball 2-0: Ball 3-0: Called Strike 3-1: Called Strike 3-2: Ground out 5-3 (Groundball, 56) Roberto Rodríguez to third Jesús Herrera to second | Batting: RHB Paul French | 0-0: Ball 1-0: Ball 2-0: Ground out 5-3 (Groundball, 56S) | Top of the 7th over - 2 runs, 3 hits, 0 errors, 2 left on base; Ottawa 2 - Elkins 2 | BOTTOM OF THE 7TH |
---|
Elkins Sting Rays batting - Pitching for Ottawa Fat Cats : RHP José Ríos | Pitching: LHP Danilo Gauci | | Now at 1B: Roberto Rodríguez | | Now in LF: Bill Williams | | Batting: LHB Preston Hamilton | 0-0: Ball 1-0: Ball 2-0: Ball 3-0: Called Strike 3-1: Foul Ball, location: 2F 3-2: Base on Balls | Pitching: LHP Gustavo Sánchez | | Batting: SHB Jason Ashley | 0-0: Called Strike 0-1: Called Strike 0-2: Fly out, F9 (Flyball, 9S) | Batting: RHB Pedro Betancourt | 0-0: Ball 1-0: Fly out, F4 (Popup, 4) | Pinch Hitting: RHB Felipe Hernández | 0-0: Called Strike 0-1: SINGLE (Line Drive, 56D) Preston Hamilton to second | Pinch Runner at 2nd Pete Fields: | | Pinch Hitting: RHB Wayne Hanson | 0-0: Swinging Strike 0-1: Ball 1-1: Called Strike 1-2: Foul Ball, location: 2F 1-2: Strikes out swinging | Bottom of the 7th over - 0 runs, 1 hit, 0 errors, 2 left on base; Ottawa 2 - Elkins 2 | BOTTOM OF THE 8TH |
---|
Elkins Sting Rays batting - Pitching for Ottawa Fat Cats : LHP Gustavo Sánchez | Now at 2B: Dennis Kelly | | Now in LF: Louis-Alexandre Lévesque | | Batting: RHB Marcos García | 0-0: Ground out 6-3 (Groundball, 6) | Batting: RHB Félix Chávez | 0-0: Ball 1-0: Swinging Strike 1-1: Foul Ball, location: 2F 1-2: Foul Ball, location: 2F 1-2: Strikes out swinging | Batting: LHB Carlos Músquez | 0-0: Ball 1-0: SINGLE (Groundball, 4) (infield hit) | Batting: RHB Pietro Ciccoritti | 0-0: Swinging Strike 0-1: Ball 1-1: Ball 2-1: DOUBLE (Line Drive, 7LD) Carlos Músquez to third | Pinch Hitting: RHB Peter Bannatyne | 0-0: Called Strike 0-1: Swinging Strike 0-2: Ball 1-2: Foul Ball, location: 2F 1-2: DOUBLE (Flyball, 78D) Carlos Músquez scores Pietro Ciccoritti scores | Pitching: RHP Jorge Báez | | Batting: SHB Jason Ashley | 0-0: Called Strike 0-1: Ball 1-1: Ball 2-1: Ground out 4-3 (Groundball, 34D) | Bottom of the 8th over - 2 runs, 3 hits, 0 errors, 1 left on base; Ottawa 2 - Elkins 4 | TOP OF THE 9TH |
---|
Ottawa Fat Cats batting - Pitching for Elkins Sting Rays : LHP Cédric Barraud | Pitching: LHP Juan Ortíz | | Now at 3B: Peter Bannatyne | | Batting: RHB Vicente Guerra | 0-0: SOLO HOME RUN (Flyball, 78D), Distance : 413 ft | Batting: RHB Roberto Rodríguez | 0-0: Ball 1-0: Foul Ball, location: 2F 1-1: SINGLE (Groundball, 56) (infield hit) | Batting: RHB Jesús Herrera | 0-0: Sac Bunt - play at first, batter OUT! 5-4 Roberto Rodríguez to second | Pinch Hitting: RHB Daniel Quintana | 0-0: Ball 1-0: Foul Ball, location: 2F 1-1: Swinging Strike 1-2: Ball 2-2: Foul Ball, location: 2F 2-2: Ball 3-2: Foul Ball, location: 2F 3-2: Base on Balls | Batting: RHB Paul French | 0-0: Foul Ball, location: 2F 0-1: Ground out 4-3 (Groundball, 34) Roberto Rodríguez to third Daniel Quintana to second | Batting: RHB Dennis Kelly | 0-0: Ball 1-0: SINGLE (Line Drive, 89S) Roberto Rodríguez scores Daniel Quintana to third Runner from 3rd tries for Home, SAFE, throw made home | Pitching: RHP Micheal Farr | | Batting: RHB Juan Blanco | 0-0: Called Strike Dennis Kelly steals 2nd base 0-1: Called Strike 0-2: Foul Ball, location: 2F 0-2: Ball 1-2: Ball 2-2: Foul Ball, location: 2F 2-2: Foul Ball, location: 2F 2-2: Ball 3-2: Fly out, F7 (Flyball, 7S) | Top of the 9th over - 3 runs, 3 hits, 0 errors, 1 left on base; Ottawa 5 - Elkins 4 | BOTTOM OF THE 9TH |
---|
Elkins Sting Rays batting - Pitching for Ottawa Fat Cats : RHP Jorge Báez | Pitching: LHP Danny Campbell | | Now at 1B: Daniel Quintana | | Now at SS: Joseph Leach | | Batting: RHB Pedro Betancourt | 0-0: Ball 1-0: Foul Ball, location: 2F 1-1: Ball 2-1: Foul Ball, location: 2F 2-2: Ground out 2-3 (Groundball, 2L) | Batting: RHB Felipe Hernández | 0-0: Ball 1-0: Ball 2-0: Ground out 5-3 (Groundball, 56) | Batting: RHB Wayne Hanson | 0-0: SOLO HOME RUN (Line Drive, 7LD), Distance : 377 ft | Batting: RHB Marcos García | 0-0: Ball 1-0: SINGLE (Groundball, 4S) (infield hit) | Batting: RHB Félix Chávez | 0-0: Called Strike 0-1: Called Strike 0-2: Ball 1-2: Strikes out swinging | Bottom of the 9th over - 1 run, 2 hits, 0 errors, 1 left on base; Ottawa 5 - Elkins 5 | TOP OF THE 10TH |
---|
Ottawa Fat Cats batting - Pitching for Elkins Sting Rays : RHP Micheal Farr | Batting: RHB Louis-Alexandre Lévesque | 0-0: Foul Ball, location: 2F 0-1: SINGLE (Line Drive, 78M) | Batting: LHB Aaron Scott | 0-0: Hit by Pitch Louis-Alexandre Lévesque to second | Batting: RHB Vicente Guerra | 0-0: Called Strike 0-1: Swinging Strike 0-2: Strikes out swinging | Batting: RHB Roberto Rodríguez | 0-0: Ball 1-0: SINGLE (Groundball, 4) (infield hit) Louis-Alexandre Lévesque to third Aaron Scott to second | Batting: RHB Joseph Leach | 0-0: SINGLE (Groundball, 4M) (infield hit) Louis-Alexandre Lévesque scores Aaron Scott to third Roberto Rodríguez to second | Batting: RHB Daniel Quintana | 0-0: Ball 1-0: Ball 2-0: Called Strike 2-1: Called Strike 2-2: Strikes out swinging | Batting: RHB Paul French | 0-0: Ball 1-0: Ball 2-0: Ball 3-0: Called Strike 3-1: Foul Ball, location: 2F 3-2: Foul Ball, location: 2F 3-2: Foul Ball, location: 2F 3-2: Foul Ball, location: 2F 3-2: Strikes out swinging | Top of the 10th over - 1 run, 3 hits, 0 errors, 3 left on base; Ottawa 6 - Elkins 5 | BOTTOM OF THE 10TH |
---|
Elkins Sting Rays batting - Pitching for Ottawa Fat Cats : LHP Danny Campbell | Batting: LHB Carlos Músquez | 0-0: Ball 1-0: Ball 2-0: Ground out 4-3 (Groundball, 4) | Batting: RHB Pietro Ciccoritti | 0-0: SINGLE (Flyball, 5D) | Batting: RHB Peter Bannatyne | 0-0: Ball 1-0: Foul Ball, location: 2F 1-1: Foul Ball, location: 2F 1-2: Foul Ball, location: 2F 1-2: SINGLE (Line Drive, 7S) Pietro Ciccoritti to second Runner from 2nd tries for 3rd, SAFE, no throw | Batting: SHB Jason Ashley | 0-0: Ball 1-0: Foul Ball, location: 2F 1-1: Ball 2-1: Foul Ball, location: 2F 2-2: Strikes out swinging | Batting: RHB Pedro Betancourt | 0-0: Foul Ball, location: 2F 0-1: Swinging Strike 0-2: Ball Wild Pitch! Pietro Ciccoritti scores Peter Bannatyne to second 1-2: Ground out 5-3 (Groundball, 56) | Bottom of the 10th over - 1 run, 2 hits, 0 errors, 1 left on base; Ottawa 6 - Elkins 6 | TOP OF THE 11TH |
---|
Ottawa Fat Cats batting - Pitching for Elkins Sting Rays : RHP Micheal Farr | Batting: RHB Dennis Kelly | 0-0: Called Strike 0-1: Ball 1-1: Swinging Strike 1-2: Ball 2-2: Foul Ball, location: 2F 2-2: Strikes out swinging | Batting: RHB Juan Blanco | 0-0: Foul Ball, location: 2F 0-1: Ground out 4-3 (Groundball, 4MS) | Batting: RHB Louis-Alexandre Lévesque | 0-0: Called Strike 0-1: Foul Ball, location: 2F 0-2: Ball 1-2: Fly out, F8 (Flyball, 78M) | Top of the 11th over - 0 runs, 0 hits, 0 errors, 0 left on base; Ottawa 6 - Elkins 6 | BOTTOM OF THE 11TH |
---|
Elkins Sting Rays batting - Pitching for Ottawa Fat Cats : LHP Danny Campbell | Pitching: LHP Bryan Baker | | Batting: RHB Felipe Hernández | 0-0: Called Strike 0-1: Ball 1-1: Fly out, F9 (Flyball, 9D) | Batting: RHB Wayne Hanson | 0-0: Ground out 6-3 (Groundball, 6) | Pitching: RHP Joe Bell | | Batting: RHB Marcos García | 0-0: Called Strike 0-1: Called Strike 0-2: Foul Ball, location: 2F 0-2: Ball 1-2: Ball 2-2: Strikes out swinging | Bottom of the 11th over - 0 runs, 0 hits, 0 errors, 0 left on base; Ottawa 6 - Elkins 6 | TOP OF THE 12TH |
---|
Ottawa Fat Cats batting - Pitching for Elkins Sting Rays : RHP Micheal Farr | Batting: LHB Aaron Scott | 0-0: Ball 1-0: Ball 2-0: Called Strike 2-1: SINGLE (Line Drive, 5S) | Batting: RHB Vicente Guerra | 0-0: Ball 1-0: Called Strike 1-1: Swinging Strike 1-2: SINGLE (Flyball, 9S) Aaron Scott to second | Pinch Runner at 2nd Rob Burkholder: | | Batting: RHB Roberto Rodríguez | 0-0: Foul Ball, location: 2F 0-1: Ball 1-1: Called Strike 1-2: Ball 2-2: Strikes out swinging | Batting: RHB Joseph Leach | 0-0: Foul Ball, location: 2F 0-1: Foul Ball, location: 2F 0-2: Ball 1-2: Strikes out swinging | Batting: RHB Daniel Quintana | 0-0: Foul Ball, location: 2F 0-1: Fly out, F8 (Flyball, 8LM) | Top of the 12th over - 0 runs, 2 hits, 0 errors, 2 left on base; Ottawa 6 - Elkins 6 | BOTTOM OF THE 12TH |
---|
Elkins Sting Rays batting - Pitching for Ottawa Fat Cats : RHP Joe Bell | Pinch Hitting: SHB Juan Ginola | 0-0: SINGLE (Groundball, 4MD) | Batting: LHB Carlos Músquez | 0-0: Called Strike 0-1: Grounds into double play, 4-6-3 (Groundball, 4) | Batting: RHB Pietro Ciccoritti | 0-0: Ball 1-0: Ball 2-0: Ball 3-0: Swinging Strike 3-1: Foul Ball, location: 2F 3-2: Foul Ball, location: 2F 3-2: Strikes out swinging | Bottom of the 12th over - 0 runs, 1 hit, 0 errors, 0 left on base; Ottawa 6 - Elkins 6 | TOP OF THE 13TH |
---|
Ottawa Fat Cats batting - Pitching for Elkins Sting Rays : RHP Micheal Farr | Now in LF: Martin Caldwell | | Batting: RHB Paul French | 0-0: Ball 1-0: Ball 2-0: Foul Ball, location: 2F 2-1: Foul Ball, location: 2F 2-2: Ball 3-2: Strikes out swinging | Batting: RHB Dennis Kelly | 0-0: Ball 1-0: Foul Ball, location: 2F 1-1: Ball 2-1: Ground out 6-3 (Groundball, 6) | Batting: RHB Juan Blanco | 0-0: Ball 1-0: SINGLE (Groundball, 4MD) | Batting: RHB Louis-Alexandre Lévesque | 0-0: Ball 1-0: Fly out, F5 (Line Drive, 56) | Top of the 13th over - 0 runs, 1 hit, 0 errors, 1 left on base; Ottawa 6 - Elkins 6 | BOTTOM OF THE 13TH |
---|
Elkins Sting Rays batting - Pitching for Ottawa Fat Cats : RHP Joe Bell | Batting: RHB Peter Bannatyne | 0-0: Called Strike 0-1: SINGLE (Groundball, 34D) | Batting: SHB Jason Ashley | 0-0: Ball 1-0: Called Strike 1-1: Ball 2-1: SINGLE (Line Drive, 4MD) Peter Bannatyne to second | Batting: RHB Pedro Betancourt | 0-0: Swinging Strike 0-1: Ball 1-1: Swinging Strike 1-2: Foul Ball, location: 2F 1-2: Fly out, F7 (Flyball, 7LMF) | Batting: RHB Felipe Hernández | 0-0: Ball 1-0: Ball 2-0: Ball 3-0: Base on Balls Peter Bannatyne to third Jason Ashley to second | Batting: RHB Wayne Hanson | 0-0: Called Strike 0-1: Ball 1-1: Ball 2-1: Foul Ball, location: 2F 2-2: Strikes out looking | Batting: RHB Marcos García | 0-0: Called Strike 0-1: Ball 1-1: Ball 2-1: Swinging Strike 2-2: Strikes out swinging | Bottom of the 13th over - 0 runs, 2 hits, 0 errors, 3 left on base; Ottawa 6 - Elkins 6 | TOP OF THE 14TH |
---|
Ottawa Fat Cats batting - Pitching for Elkins Sting Rays : RHP Micheal Farr | Batting: RHB Rob Burkholder | 0-0: Ball 1-0: Called Strike 1-1: Called Strike 1-2: Fly out, F6 (Line Drive, 6) | Batting: RHB Vicente Guerra | 0-0: Swinging Strike 0-1: Called Strike 0-2: Ball 1-2: Strikes out looking | Batting: RHB Roberto Rodríguez | 0-0: Ball 1-0: Swinging Strike 1-1: Called Strike 1-2: Ball 2-2: Ball 3-2: Foul Ball, location: 2F 3-2: Base on Balls | Batting: RHB Joseph Leach | 0-0: Called Strike 0-1: Ball 1-1: Ball 2-1: SINGLE (Groundball, 4MD) Roberto Rodríguez to second Runner from 2nd tries for 3rd, SAFE, no throw | Batting: RHB Daniel Quintana | 0-0: Ball 1-0: Foul Ball, location: 2F 1-1: Ball 2-1: Swinging Strike 2-2: Strikes out swinging | Top of the 14th over - 0 runs, 1 hit, 0 errors, 2 left on base; Ottawa 6 - Elkins 6 | BOTTOM OF THE 14TH |
---|
Elkins Sting Rays batting - Pitching for Ottawa Fat Cats : RHP Joe Bell | Pinch Hitting: RHB John Fergusson | 0-0: Ball 1-0: Fly out, F4 (Line Drive, 4) | Batting: LHB Carlos Músquez | 0-0: Ball 1-0: Ball 2-0: Ball 3-0: Called Strike 3-1: Base on Balls | Batting: RHB Pietro Ciccoritti | 0-0: Ball 1-0: Ball 2-0: Ball 3-0: Called Strike 3-1: SINGLE (Flyball, 9S) Carlos Músquez to second Runner from 2nd tries for 3rd, SAFE, no throw | Batting: RHB Peter Bannatyne | 0-0: Swinging Strike 0-1: Ball 1-1: Ground out 5-3 (Groundball, 5) Pietro Ciccoritti to second | Batting: SHB Jason Ashley | 0-0: Foul Ball, location: 2F 0-1: Ball 1-1: Ball 2-1: SINGLE (Groundball, 34D) Carlos Músquez scores | Saturday, December 16th, 2017 - OOTP Baseball 18.8 Build 76 |
|